[Event "Titled Tuesday Blitz August 15 Early 2023"]
[White "Wagner, Dennis"]
[Black "Khandelwal, Ankush"]
[WhiteFideId "24650684"]
[BlackFideId "413470"]
[WhiteElo "2772"]
[BlackElo "2524"]
[Result "1-0"]
[Round "2"]
[TimeControl "180+1"]
[Date "2023.08.15"]
[WhiteClock "0:00:15"]
[BlackClock "0:01:04"]
[Board "62"]

1. e4 c5 2. Nf3 d6 3. d4 cxd4 4. Nxd4 Nf6 5. Nc3 a6 6. h3 e6 7. g4 h6 8. Bg2 Be7 9. Be3 Nc6 10. f4 Nd7 11. Bf2 O-O 12. h4 Nxd4 13. Qxd4 e5 14. Qd2 exf4 15. Qxf4 Ne5 16. g5 hxg5 17. hxg5 Bxg5 18. Qh2 Bh6 19. Nd5 Ng4 20. Qg3 Re8 21. Bd4 Qa5+ 22. Kf1 Qd2 23. Bc3 Qxc2 24. Rxh6 gxh6 25. Nf6+ Kf8 26. Qxd6+ Re7 27. Qd8+ Kg7 28. Qg8# 1-0


[Site "https://www.chess.com"]

[Event "Titled Tuesday Blitz August 15 Early 2023"]
[White "D`Arruda, Ricardo D."]
[Black "Lobanov, Sergei"]
[WhiteFideId "100692"]
[BlackFideId "24183750"]
[WhiteElo "2524"]
[BlackElo "2766"]
[Result "1-0"]
[Round "2"]
[TimeControl "180+1"]
[Date "2023.08.15"]
[WhiteClock "0:01:07"]
[BlackClock "0:00:00"]
[Board "63"]

1. Nf3 d5 2. b3 c5 3. e3 a6 4. Bb2 Nc6 5. Be2 Bg4 6. O-O Nf6 7. Ne5 Bxe2 8. Qxe2 Nxe5 9. Bxe5 e6 10. d3 Bd6 11. f4 O-O 12. Nd2 Rc8 13. c4 b5 14. Nf3 Qe7 15. Rfd1 Rfd8 16. Rac1 Bb8 17. h3 Nd7 18. Bxb8 Nxb8 19. Ne5 f6 20. Nf3 Nc6 21. d4 cxd4 22. Nxd4 Nxd4 23. Rxd4 bxc4 24. bxc4 e5 25. fxe5 fxe5 26. Rdd1 Qc5 27. cxd5 Qxc1 28. Rxc1 Rxc1+ 29. Kh2 Rxd5 30. Qxa6 Rdc5 31. Qe6+ Kf8 32. a4 R1c2 33. a5 Rd2 34. a6 Rcc2 35. Qf5+ Kg8 36. Qe4 Ra2 37. Qc4+ Kf8 38. Qc8+ Ke7 39. Qb7+ Kf6 40. a7 Rd8 41. Qb6+ Ke7 42. Qc5+ Ke6 43. Qc4+ 1-0


[Site "https://www.chess.com"]

[Event "Titled Tuesday Blitz August 15 Early 2023"]
[White "Srihari L R"]
[Black "Ordekalog"]
[WhiteFideId "46617116"]
[WhiteElo "2765"]
[BlackElo "2523"]
[Result "1-0"]
[Round "2"]
[TimeControl "180+1"]
[Date "2023.08.15"]
[WhiteClock "0:00:17"]
[BlackClock "0:00:31"]
[Board "64"]

1. b3 e5 2. Bb2 Nc6 3. e3 Nf6 4. Bb5 Bd6 5. Bxc6 dxc6 6. c4 O-O 7. Ne2 Bf5 8. Nbc3 Bb4 9. d4 exd4 10. Nxd4 Ne4 11. Nxf5 Nxc3 12. Qxd8 Rfxd8 13. a3 Na4+ 14. axb4 Nxb2 15. Ke2 Nd3 16. b5 cxb5 17. cxb5 g6 18. Nd4 Nf4+ 19. Kf3 Ne6 20. Nxe6 fxe6 21. Rhc1 Rd2 22. Kg3 Rd7 23. Rc4 a6 24. bxa6 Rxa6 25. Rxa6 bxa6 26. Rc6 Rd3 27. Rxe6 Rxb3 28. Rxa6 Rc3 29. h4 Kf7 30. Kf4 Rc2 31. Kg3 h5 32. Kf3 c5 33. Rc6 Rc4 34. Kg3 Rc3 35. Kh2 c4 36. e4 Rc2 37. f3 c3 38. Kg3 Rc1 39. Kf4 c2 40. Kg5 Ke7 41. Kxg6 Kd7 42. Rc3 Kd6 43. Kf5 Ke7 44. e5 Kd7 45. f4 Ke7 46. Kg5 Ke6 47. Kxh5 Kf5 48. Rc4 Rg1 49. Rxc2 Ra1 50. Rc4 Ra8 51. g4+ 1-0


[Site "https://www.chess.com"]

[Event "Titled Tuesday Blitz August 15 Early 2023"]
[White "Lima, Kleyton Alcantara"]
[Black "Petkov, Momchil"]
[WhiteFideId "22718397"]
[BlackFideId "2921642"]
[WhiteElo "2522"]
[BlackElo "2764"]
[Result "0-1"]
[Round "2"]
[TimeControl "180+1"]
[Date "2023.08.15"]
[WhiteClock "0:00:00"]
[BlackClock "0:00:06"]
[Board "65"]

1. e4 c5 2. Nf3 e6 3. d4 cxd4 4. Nxd4 a6 5. g3 d5 6. Nb3 Nf6 7. exd5 exd5 8. Bg2 Bg4 9. Qd3 Be7 10. Bg5 Nc6 11. O-O O-O 12. Nc3 Nb4 13. Qd2 Bf5 14. Rac1 Rc8 15. a3 Nc6 16. Rfe1 d4 17. Ne2 h6 18. Bxf6 Bxf6 19. Nf4 Qd6 20. Nd3 Bg5 21. f4 Bf6 22. Nbc5 Rc7 23. Ne4 Qd8 24. Rcd1 Be7 25. h3 Qc8 26. Kh2 Nb8 27. Rc1 Nd7 28. c3 dxc3 29. Nxc3 Nf6 30. Nb4 Rd8 31. Nbd5 Bf8 32. Nxf6+ gxf6 33. Nd5 Rxc1 34. Rxc1 Qe6 35. Qd4 Kg7 36. g4 Bh7 37. Rc7 Bd6 38. Rxb7 Bb8 39. Kh1 Qe1+ 40. Kh2 Qe6 41. Kh1 Bb1 42. Rxb8 Rxb8 43. g5 hxg5 44. fxg5 Bf5 45. gxf6+ Kg8 46. Nf4 Qe1+ 47. Kh2 Re8 48. Qc3 Qxc3 49. bxc3 Rc8 0-1


[Site "https://www.chess.com"]

[Event "Titled Tuesday Blitz August 15 Early 2023"]
[White "Kuzmin, Roman"]
[Black "Materia, Marco"]
[WhiteFideId "44134932"]
[BlackFideId "45150451"]
[WhiteElo "2521"]
[BlackElo "2764"]
[Result "0-1"]
[Round "2"]
[TimeControl "180+1"]
[Date "2023.08.15"]
[WhiteClock "0:00:03"]
[BlackClock "0:00:43"]
[Board "66"]

1. e4 c5 2. Nf3 e6 3. d4 cxd4 4. Nxd4 Nc6 5. Nc3 Qc7 6. Be3 a6 7. Qd2 Nf6 8. O-O-O Be7 9. f3 b5 10. Nxc6 dxc6 11. g4 O-O 12. h4 Rd8 13. Qf2 Rxd1+ 14. Nxd1 e5 15. h5 h6 16. g5 hxg5 17. h6 g6 18. h7+ Kh8 19. Bxg5 Nh5 20. Be3 Be6 21. Kb1 Rd8 22. Be2 c5 23. Qg2 Nf4 24. Qh2 Bf6 25. Nc3 b4 26. Na4 Be7 27. Qf2 Qa5 28. b3 Rc8 29. Rd1 c4 30. Bxf4 exf4 31. Qd4+ f6 32. Rg1 g5 33. Qb6 Qxb6 34. Nxb6 Bc5 35. Nxc8 Bxg1 36. Nd6 cxb3 37. axb3 a5 38. Bc4 Bh3 39. Kc1 Kxh7 40. Kd2 Bb6 41. Ke2 Kg6 42. Bf7+ Kg7 43. Be8 Kf8 44. Bc6 Ke7 45. Nc4 Bc7 46. Bd5 f5 47. exf5 Bxf5 48. Kd2 Kf6 49. Bc6 g4 50. fxg4 Bxg4 51. Kd3 Kg5 52. Be4 Kh4 53. Nd2 Kg3 54. Kd4 f3 55. Ke3 Bf4+ 56. Kd3 Bxd2 57. Kxd2 f2 0-1


[Site "https://www.chess.com"]

[Event "Titled Tuesday Blitz August 15 Early 2023"]
[White "Tikhonov, Viacheslav"]
[Black "Trost, Edvin"]
[WhiteFideId "44196407"]
[BlackFideId "1729519"]
[WhiteElo "2517"]
[BlackElo "2753"]
[Result "0-1"]
[Round "2"]
[TimeControl "180+1"]
[Date "2023.08.15"]
[WhiteClock "0:00:22"]
[BlackClock "0:00:03"]
[Board "67"]

1. d4 d5 2. c4 e6 3. Nf3 Nf6 4. g3 Be7 5. Bg2 O-O 6. O-O a5 7. Nc3 dxc4 8. Ne5 Nc6 9. Bxc6 bxc6 10. Nxc6 Qe8 11. Nxe7+ Qxe7 12. Qa4 Qb4 13. Bg5 Nd5 14. Rfc1 Nxc3 15. Qxb4 Nxe2+ 16. Kf1 Nxg3+ 17. hxg3 axb4 18. Be7 Re8 19. Bxb4 Bb7 20. Kg1 Bd5 21. Bc3 f5 22. f4 Kf7 23. a4 Kg6 24. a5 Ra6 25. Kf2 h6 26. Ra4 Rb8 27. Rb4 Rh8 28. Rb5 h5 29. Ke3 Kf7 30. b3 cxb3 31. Bb4 c6 32. Rb7+ Kg6 33. Bd6 Rha8 34. Rc5 R8a7 35. Rb8 Rxa5 36. Rxa5 Rxa5 37. Be5 Rb5 38. Rxb5 cxb5 39. Kd2 Kh6 40. Bd6 g5 41. Be7 gxf4 42. gxf4 Kg6 43. Kc3 Kf7 44. Bh4 Ke8 45. Be1 Kd8 46. Kb2 Kd7 47. Ka3 Kc6 48. Kb2 Bc4 49. Bh4 Kd5 50. Kc3 Ke4 51. Bg5 b4+ 52. Kb2 Kxd4 53. Be7 Ke4 54. Bg5 Kf3 55. Kb1 Kg4 56. Kb2 h4 0-1


[Site "https://www.chess.com"]

[Event "Titled Tuesday Blitz August 15 Early 2023"]
[White "Stribuk, Artiom"]
[Black "Mickiewicz, Piotr"]
[WhiteFideId "13515659"]
[BlackFideId "1114891"]
[WhiteElo "2753"]
[BlackElo "2515"]
[Result "0-1"]
[Round "2"]
[TimeControl "180+1"]
[Date "2023.08.15"]
[WhiteClock "0:00:00"]
[BlackClock "0:00:41"]
[Board "68"]

1. d4 d5 2. c4 c6 3. Nc3 Nf6 4. e3 e6 5. Nf3 Nbd7 6. Qc2 Bd6 7. g4 h6 8. Rg1 e5 9. cxd5 cxd5 10. Nb5 Bb8 11. Bd2 e4 12. Nh4 a6 13. Nc3 O-O 14. g5 hxg5 15. Rxg5 Nh7 16. Rh5 Ndf6 17. Rf5 Bxf5 18. Nxf5 Qd7 19. Ng3 Ng5 20. Be2 Qh3 21. Qb3 Qxh2 22. Nf1 Qd6 23. Qxb7 Bc7 24. Qb3 Rab8 25. Qc2 Rfc8 26. O-O-O Ba5 27. Kb1 Bxc3 28. Bxc3 Nf3 29. Nd2 Nxd2+ 30. Qxd2 Nd7 31. Ka1 Nb6 32. b3 a5 33. Bxa5 Ra8 34. Bxb6 Qxb6 35. Kb2 Qa7 36. a4 Rcb8 37. Qc2 Qxa4 0-1


[Site "https://www.chess.com"]

[Event "Titled Tuesday Blitz August 15 Early 2023"]
[White "Ansh M Shah"]
[Black "Brodowski, Piotr"]
[WhiteFideId "25033379"]
[BlackFideId "1124480"]
[WhiteElo "2515"]
[BlackElo "2748"]
[Result "1-0"]
[Round "2"]
[TimeControl "180+1"]
[Date "2023.08.15"]
[WhiteClock "0:00:20"]
[BlackClock "0:00:18"]
[Board "69"]

1. d4 d6 2. c4 e5 3. g3 exd4 4. Qxd4 Nc6 5. Qd1 g6 6. Bg2 Bg7 7. Nf3 Nge7 8. O-O Be6 9. Nbd2 h6 10. Rb1 O-O 11. b3 d5 12. Bb2 dxc4 13. Bxg7 Kxg7 14. Nxc4 Qxd1 15. Rfxd1 Bxc4 16. bxc4 b6 17. Nd4 Nxd4 18. Rxd4 Rad8 19. Rbd1 Rxd4 20. Rxd4 Re8 21. Rd7 Nf5 22. e3 Re7 23. Rxe7 Nxe7 24. Kf1 Kf6 25. Ke2 Ke6 26. Kd3 f5 27. Kd4 c5+ 28. Kd3 Kd6 29. f4 g5 30. fxg5 hxg5 31. h4 gxh4 32. gxh4 Ke5 33. a4 Kf6 34. h5 Kg5 35. Bf3 a5 36. Bd1 Nc6 37. Kc3 Ne5 38. Be2 Ng4 39. Kd3 Kxh5 40. e4 Kg5 41. exf5 Kxf5 42. Bxg4+ Kxg4 43. Ke4 Kg3 44. Kd5 Kf3 45. Kc6 Ke3 46. Kxb6 Kd4 47. Kb5 Kc3 48. Kxc5 Kb3 49. Kb5 Kc3 50. c5 Kb3 51. c6 1-0


[Site "https://www.chess.com"]

[Event "Titled Tuesday Blitz August 15 Early 2023"]
[White "Badmatsyrenov, Oleg"]
[Black "Rodchenkov, Sergey D."]
[WhiteFideId "24115762"]
[BlackFideId "4168712"]
[WhiteElo "2745"]
[BlackElo "2511"]
[Result "1-0"]
[Round "2"]
[TimeControl "180+1"]
[Date "2023.08.15"]
[WhiteClock "0:00:51"]
[BlackClock "0:00:00"]
[Board "70"]

1. e4 c5 2. Nf3 d6 3. d4 cxd4 4. Nxd4 Nf6 5. Nc3 a6 6. f4 e5 7. Nf3 Nbd7 8. g4 Nxg4 9. Bc4 h6 10. h3 Ngf6 11. Be3 b5 12. Bd5 Nxd5 13. Nxd5 Bb7 14. Qd2 Rc8 15. O-O-O Be7 16. Rhg1 g6 17. fxe5 dxe5 18. Kb1 g5 19. h4 g4 20. Rxg4 Nc5 21. Nxe5 h5 22. Rf4 Rf8 23. Qe2 Ne6 24. Rxf7 Rxf7 25. Qxh5 1-0


[Site "https://www.chess.com"]

[Event "Titled Tuesday Blitz August 15 Early 2023"]
[White "Eidelman, Gabriel"]
[Black "Kosteniuk, Alexandra"]
[WhiteFideId "30910544"]
[BlackFideId "4128125"]
[WhiteElo "2492"]
[BlackElo "2742"]
[Result "0-1"]
[Round "2"]
[TimeControl "180+1"]
[Date "2023.08.15"]
[WhiteClock "0:00:00"]
[BlackClock "0:01:07"]
[Board "71"]

1. d4 f5 2. Nf3 Nf6 3. g3 g6 4. Bg2 Bg7 5. O-O O-O 6. c4 d6 7. Nc3 a5 8. Re1 a4 9. e4 fxe4 10. Nxe4 Nc6 11. Neg5 e5 12. dxe5 dxe5 13. Bd2 e4 14. Nh4 Bg4 15. Qc1 Ne5 16. h3 Nd3 17. Qc2 Nxe1 18. Rxe1 Bd7 19. Nxe4 Nxe4 20. Bxe4 c6 21. Bc3 Bxc3 22. Qxc3 Qf6 23. Qxf6 Rxf6 24. Bg2 Re8 25. Rd1 Be6 26. b3 Rf7 27. Nf3 Rd7 28. Rc1 a3 29. g4 Bf7 30. Bf1 Red8 31. Be2 Rd2 32. Nxd2 Rxd2 33. Kf1 Rxa2 34. b4 Rb2 35. Ra1 a2 36. Bd3 b5 37. cxb5 cxb5 38. Kg2 Rxb4 0-1


[Site "https://www.chess.com"]

[Event "Titled Tuesday Blitz August 15 Early 2023"]
[White "Shuvalov, Evgenij"]
[Black "Weetik, Vjacheslav"]
[WhiteFideId "4187237"]
[BlackFideId "4153472"]
[WhiteElo "2476"]
[BlackElo "2735"]
[Result "0-1"]
[Round "2"]
[TimeControl "180+1"]
[Date "2023.08.15"]
[WhiteClock "0:00:00"]
[BlackClock "0:00:04"]
[Board "73"]

1. d4 Nf6 2. c4 g6 3. Nc3 Bg7 4. e4 d6 5. Nf3 O-O 6. Be2 Na6 7. O-O e5 8. Be3 Qe7 9. d5 Ng4 10. Bg5 f6 11. Bh4 Nh6 12. h3 g5 13. Bg3 f5 14. exf5 Nxf5 15. Ne4 h6 16. Bd3 Nb4 17. Bb1 a5 18. a3 Na6 19. b4 Bd7 20. Qd2 Qe8 21. Re1 Qh5 22. Bh2 g4 23. hxg4 Qxg4 24. c5 Kh8 25. Bd3 Rg8 26. Bf1 Raf8 27. c6 bxc6 28. Bxa6 cxd5 29. Qxd5 Bf6 30. Bf1 Qxf3 31. Nxf6 Qxd5 32. Nxd5 Nd4 33. Kh1 Nc2 34. f3 Nxe1 35. Rxe1 axb4 36. axb4 c6 37. Nc3 Re8 38. b5 cxb5 39. Bxb5 Rd8 40. Bxd7 Rxd7 41. Nd5 Rf8 42. Rd1 Kg8 43. Ne3 Kf7 44. Bxe5 Re8 45. Bd4 d5 46. Ng4 Ke6 47. Kg1 Rc8 48. Re1+ Kd6 49. Be5+ Kc6 50. Rc1+ Kb7 51. Rxc8 Kxc8 52. Kf2 d4 53. Ke2 h5 54. Nf2 Kb7 55. Kd3 Kc6 56. Bxd4 Kd5 57. Ne4 Rf7 58. Nf6+ Ke6 59. Ke4 h4 60. Ng4 Rh7 61. Nf2 Rh6 62. Nh3 Kd7 0-1


[Site "https://www.chess.com"]

[Event "Titled Tuesday Blitz August 15 Early 2023"]
[White "Pinero Rodriguez, Carlos Jose"]
[Black "Wong, Yinn Long"]
[WhiteFideId "3901726"]
[BlackFideId "5707684"]
[WhiteElo "2460"]
[BlackElo "2732"]
[Result "1-0"]
[Round "2"]
[TimeControl "180+1"]
[Date "2023.08.15"]
[WhiteClock "0:00:21"]
[BlackClock "0:00:19"]
[Board "74"]

1. e4 e6 2. d4 d5 3. e5 Bd7 4. c3 a6 5. Nf3 Bb5 6. Bd3 Bxd3 7. Qxd3 Ne7 8. O-O Nf5 9. a3 c5 10. b4 cxd4 11. cxd4 Nd7 12. Be3 Be7 13. Nc3 O-O 14. Nxd5 Nxe3 15. Nxe3 Nb6 16. Qe4 Qd7 17. Rac1 Rac8 18. h4 Rfd8 19. Rfd1 Bf8 20. g3 Na4 21. Rxc8 Rxc8 22. Rd3 Nc3 23. Qg4 Qb5 24. Rd2 Nb1 25. Rd1 Nc3 26. Re1 Qd3 27. Kg2 b5 28. h5 h6 29. Rc1 a5 30. d5 axb4 31. dxe6 Rc6 32. exf7+ Kxf7 33. axb4 Re6 34. Nd4 Re7 35. e6+ Kg8 36. Nef5 Re8 37. Qg6 Rd8 38. Nxh6+ Kh8 39. Nf7+ Kg8 40. Qxd3 1-0


[Site "https://www.chess.com"]

[Event "Titled Tuesday Blitz August 15 Early 2023"]
[White "MrAnnihilation"]
[Black "Volkov, Maksim"]
[BlackFideId "54123070"]
[WhiteElo "2458"]
[BlackElo "2723"]
[Result "0-1"]
[Round "2"]
[TimeControl "180+1"]
[Date "2023.08.15"]
[WhiteClock "0:00:02"]
[BlackClock "0:00:25"]
[Board "75"]

1. d4 d5 2. Bf4 Nf6 3. e3 c5 4. Nf3 Nc6 5. Nbd2 Qb6 6. dxc5 Qxb2 7. Rb1 Qc3 8. Bb5 e6 9. O-O Be7 10. e4 Qxc5 11. e5 Nd7 12. c4 O-O 13. Nb3 Qb6 14. Be3 Qc7 15. cxd5 exd5 16. Qxd5 Ncxe5 17. Rfc1 Nxf3+ 18. Qxf3 Qe5 19. Bd4 Qxb5 20. Nc5 Qc6 21. Qg3 Bf6 22. Nxd7 Bxd4 23. Rxc6 bxc6 24. Ne5 Bf5 25. Rd1 c5 26. Nc6 Bf6 27. h3 Bg6 28. Ne5 Bf5 29. Nc6 Rfe8 30. Na5 Rab8 31. Nc6 Ra8 32. Na5 h6 33. Qf3 Bg6 34. Nb7 Be4 35. Nd6 Bxf3 0-1


[Site "https://www.chess.com"]

[Event "Titled Tuesday Blitz August 15 Early 2023"]
[White "Dimitrov, Atanas"]
[Black "Liu, Casper"]
[WhiteFideId "2901315"]
[BlackFideId "1454153"]
[WhiteElo "2722"]
[BlackElo "2454"]
[Result "1-0"]
[Round "2"]
[TimeControl "180+1"]
[Date "2023.08.15"]
[WhiteClock "0:00:02"]
[BlackClock "0:00:17"]
[Board "76"]

1. Nf3 d6 2. c4 g6 3. Nc3 Bg7 4. b3 Nf6 5. Bb2 O-O 6. e3 b6 7. Be2 Bb7 8. O-O Nbd7 9. Rc1 Nc5 10. d4 Nce4 11. Nd2 e6 12. Ncxe4 Nxe4 13. Bf3 f5 14. Re1 Qh4 15. g3 Qh6 16. Bg2 g5 17. Nxe4 Bxe4 18. f3 Bb7 19. Qd2 Rf6 20. f4 Bxg2 21. Qxg2 Raf8 22. Rc2 Rg6 23. Kh1 Qh5 24. Qe2 Qh3 25. Qg2 Qh5 26. Rf2 Kh8 27. Qb7 gxf4 28. exf4 Rxg3 29. Qxc7 Rg8 30. Ref1 Qh3 31. Qxd6 Bf6 32. Qxe6 R3g6 33. Qe2 h5 34. d5 Kh7 35. Bxf6 Rxf6 36. Qe7+ Kg6 37. Rg1+ Kh6 38. Qxf6+ Rg6 39. Qxg6# 1-0


[Site "https://www.chess.com"]

[Event "Titled Tuesday Blitz August 15 Early 2023"]
[White "Zhao, Jun"]
[Black "Pesotskiy, Mikhail"]
[WhiteFideId "8602522"]
[BlackFideId "34164453"]
[WhiteElo "2722"]
[BlackElo "2452"]
[Result "1-0"]
[Round "2"]
[TimeControl "180+1"]
[Date "2023.08.15"]
[WhiteClock "0:00:16"]
[BlackClock "0:00:46"]
[Board "77"]

1. d4 Nf6 2. Nf3 e6 3. Bf4 c5 4. e3 Nc6 5. c3 Nh5 6. Bg5 Qb6 7. Qb3 h6 8. Bh4 g5 9. Bg3 Nxg3 10. hxg3 Bg7 11. Nbd2 d5 12. Be2 Bd7 13. O-O g4 14. Ne1 h5 15. dxc5 Qxc5 16. Nd3 Qb6 17. Qxb6 axb6 18. Nb3 Ke7 19. Nf4 Na5 20. Rfd1 Nc4 21. Bxc4 dxc4 22. Nd2 b5 23. a4 e5 24. Nd5+ Kd8 25. Nb6 Ra6 26. Nxd7 Kxd7 27. Nxc4+ Kc6 28. axb5+ Kxb5 29. Nd6+ Kc6 30. Rxa6+ bxa6 31. Nxf7 Rb8 32. Rd6+ Kc7 33. Rxa6 Rxb2 34. Ng5 Kb7 35. Re6 Bf8 36. Rxe5 Rb1+ 37. Kh2 Rc1 38. Ne4 1-0


[Site "https://www.chess.com"]

[Event "Titled Tuesday Blitz August 15 Early 2023"]
[White "WindWhistler11"]
[Black "Leiva, Gianmarco"]
[BlackFideId "3804399"]
[WhiteElo "2441"]
[BlackElo "2721"]
[Result "0-1"]
[Round "2"]
[TimeControl "180+1"]
[Date "2023.08.15"]
[WhiteClock "0:00:02"]
[BlackClock "0:00:03"]
[Board "78"]

1. Nf3 Nf6 2. g3 d5 3. c4 e6 4. Bg2 Be7 5. Qc2 O-O 6. O-O d4 7. e3 c5 8. exd4 cxd4 9. d3 Nc6 10. a3 a5 11. Re1 Nd7 12. Nbd2 e5 13. Rb1 f6 14. h4 Nc5 15. Ne4 Nxe4 16. Rxe4 Bf5 17. Re1 h5 18. Bd2 Qe8 19. b4 Qg6 20. Bf1 axb4 21. Bxb4 Qf7 22. Nd2 Ra7 23. Rb3 Rfa8 24. Reb1 Nxb4 25. axb4 Ra2 26. R3b2 R2a3 27. Rb3 Kh7 28. Bg2 Ra2 29. R3b2 R2a3 30. Ne4 Bf8 31. Rb3 Ra2 32. R1b2 Ra1+ 33. Kh2 Kh8 34. Nc5 Bxc5 35. bxc5 Qg6 36. Bxb7 Rf8 37. Be4 Bxe4 38. dxe4 Ra5 39. Rb5 Ra3 40. c6 Rc3 41. Qe2 d3 42. Qf3 Rxc4 43. Qxd3 Rxc6 44. Rd5 Rfc8 45. Rd8+ Kh7 46. Rb8 Rxb8 47. Rxb8 Rc1 48. Qd8 Qxe4 49. Qg8+ Kg6 50. Qe8+ Kh6 51. Qh8+ Kg6 52. Qe8+ Kh6 53. Qg8 Qh7 54. Qe6 Rc2 55. Kg1 Rc1+ 56. Kg2 Rc2 57. Qd5 Qf5 58. Rh8+ Kg6 59. Qd1 Qxf2+ 60. Kh1 Qh2# 0-1


[Site "https://www.chess.com"]

[Event "Titled Tuesday Blitz August 15 Early 2023"]
[White "carokannlover213"]
[Black "Bazilius, Augustinas"]
[BlackFideId "12832251"]
[WhiteElo "2720"]
[BlackElo "2438"]
[Result "1-0"]
[Round "2"]
[TimeControl "180+1"]
[Date "2023.08.15"]
[WhiteClock "0:00:55"]
[BlackClock "0:00:12"]
[Board "79"]

1. c4 Nf6 2. Nf3 c5 3. Nc3 d5 4. cxd5 Nxd5 5. d4 Nxc3 6. bxc3 e6 7. e4 cxd4 8. cxd4 Nc6 9. Bc4 Bb4+ 10. Bd2 Bxd2+ 11. Qxd2 O-O 12. O-O b6 13. Rfd1 Bb7 14. Rac1 Rc8 15. Qe3 Na5 16. Bd3 Qe7 17. h4 Rxc1 18. Rxc1 Rc8 19. Rd1 Nc4 20. Qe2 b5 21. h5 h6 22. Bb1 Na3 23. Bd3 a6 24. Ne5 Rd8 25. Qe3 Qd6 26. Ng4 Qxd4 27. Be2 Qxd1+ 28. Bxd1 Rxd1+ 29. Kh2 Nc4 30. Qg3 Kh7 31. f3 Rd7 32. Qf4 a5 33. Ne5 Nxe5 34. Qxe5 Bd5 35. exd5 Rxd5 36. Qe4+ g6 37. hxg6+ fxg6 38. Qxe6 Rh5+ 39. Kg1 b4 40. Qf7+ 1-0


[Site "https://www.chess.com"]

[Event "Titled Tuesday Blitz August 15 Early 2023"]
[White "Begunov, Konstantin"]
[Black "Bryakin, Mikhail"]
[WhiteFideId "4118510"]
[BlackFideId "4165314"]
[WhiteElo "2438"]
[BlackElo "2718"]
[Result "0-1"]
[Round "2"]
[TimeControl "180+1"]
[Date "2023.08.15"]
[WhiteClock "0:00:00"]
[BlackClock "0:01:16"]
[Board "80"]

1. d4 Nf6 2. c4 g6 3. f3 Bg7 4. e4 d6 5. Nc3 O-O 6. Be3 c6 7. Qd2 a6 8. Bd3 b5 9. b3 e5 10. d5 bxc4 11. bxc4 a5 12. Nge2 Ba6 13. O-O Nfd7 14. Na4 f5 15. Rab1 f4 16. Bf2 c5 17. Nec3 g5 18. Nb5 Nf6 19. Be2 g4 20. Qc2 Bxb5 21. Rxb5 h5 22. Rfb1 Nbd7 23. Nb6 Ra7 24. Bh4 Qe8 25. Qa4 Nxb6 26. Qb3 Nbd7 27. Rb7 Rxb7 28. Qxb7 Qb8 29. fxg4 hxg4 30. Rb5 Qxb7 31. Rxb7 Rb8 32. Rxb8+ Nxb8 33. Bxf6 Bxf6 34. Bxg4 Na6 35. a3 Bh4 36. Kf1 Kg7 37. Ke2 Kf6 38. Bc8 Nc7 39. Bd7 Ke7 40. Bc8 Na8 41. Ba6 Nb6 42. Bb5 Kf6 43. Kf1 Kg5 44. Ke2 Kg4 45. Ba6 Bd8 46. Bb5 Kh4 47. Ba6 Nd7 48. Bc8 Nf6 49. Kf3 a4 50. g3+ fxg3 51. hxg3+ Kg5 52. Be6 Ba5 53. Bh3 Bc3 54. Bf1 Bb2 55. Bd3 Bxa3 56. Bc2 Bb4 57. Bxa4 Be1 58. Bc6 Nh5 59. g4 Nf6 60. Bb7 Nxg4 61. Bc8 Nf6 62. Bf5 Bb4 63. Be6 Kh4 64. Bf5 Ng8 65. Be6 Ne7 66. Bd7 Ng6 67. Be8 Nf4 68. Bd7 Nh3 69. Be6 Ng5+ 70. Ke3 Kg3 71. Bf5 Bc3 72. Bd7 Bd4+ 73. Kd3 Kf4 74. Be6 Nxe4 75. Bd7 Ng3 76. Bh3 e4+ 77. Kd2 Kf3 78. Ke1 Bc3+ 79. Kd1 e3 80. Kc2 e2 0-1


[Site "https://www.chess.com"]

[Event "Titled Tuesday Blitz August 15 Early 2023"]
[White "Kuznetsov, Felix"]
[Black "Gulkov, Igor A."]
[WhiteFideId "34147990"]
[BlackFideId "4120973"]
[WhiteElo "2712"]
[BlackElo "2432"]
[Result "1-0"]
[Round "2"]
[TimeControl "180+1"]
[Date "2023.08.15"]
[WhiteClock "0:00:15"]
[BlackClock "0:00:00"]
[Board "81"]

1. e4 c5 2. Nf3 d6 3. d4 cxd4 4. Nxd4 Nf6 5. Nc3 a6 6. Be3 e5 7. Nb3 Be6 8. Qd2 Nbd7 9. O-O-O Rc8 10. Kb1 Be7 11. f4 Qc7 12. f5 Bc4 13. g4 Nxg4 14. Rg1 Nxe3 15. Qxe3 g6 16. Bh3 Rd8 17. Nd5 Bxd5 18. exd5 Nf6 19. Qf3 a5 20. Nd2 b5 21. Ne4 Nxe4 22. Qxe4 Qc4 23. Qf3 Qf4 24. Qe2 Qc4 25. Rd3 O-O 26. b3 Qc5 27. Rdg3 e4 28. fxg6 fxg6 29. Rxg6+ Kh8 30. Qh5 Bf6 31. Bf5 Qc7 32. R6g3 Rf7 33. Bxe4 1-0


[Site "https://www.chess.com"]

[Event "Titled Tuesday Blitz August 15 Early 2023"]
[White "Herman, Daniel"]
[Black "Djordjevic, Vuk"]
[WhiteFideId "30935008"]
[BlackFideId "902098"]
[WhiteElo "2430"]
[BlackElo "2710"]
[Result "1-0"]
[Round "2"]
[TimeControl "180+1"]
[Date "2023.08.15"]
[WhiteClock "0:00:07"]
[BlackClock "0:00:03"]
[Board "82"]

1. e4 d5 2. exd5 Qxd5 3. Nc3 Qd6 4. d4 Nf6 5. Nf3 c6 6. Ne5 Nbd7 7. Nc4 Qc7 8. Qf3 Nb6 9. Bf4 Qd8 10. O-O-O Bg4 11. Qe3 Nxc4 12. Bxc4 Bxd1 13. Rxd1 Qb6 14. Qh3 a6 15. d5 cxd5 16. Nxd5 Nxd5 17. Bxd5 e6 18. Bb3 Rd8 19. Ba4+ Ke7 20. Qa3+ Kf6 21. Qc3+ Ke7 22. Rxd8 Kxd8 23. Qd3+ Bd6 24. Bxd6 Qa5 25. b3 Qd5 26. Qxd5 exd5 27. Kd2 h5 28. b4 Rh6 29. Bc5 Rg6 30. g3 h4 31. Bb3 Rg5 32. Bd4 f6 33. c3 Rh5 34. Ke3 Kd7 35. Bc2 hxg3 36. hxg3 Rh1 37. Bd3 Kc6 38. a4 Ra1 39. b5+ axb5 40. axb5+ Kd6 41. Kf4 Ra3 42. Kf5 Ra2 43. Kg6 Rd2 44. Bf5 Rb2 45. b6 Rb5 46. Kxg7 Ra5 47. Bxf6 Ra8 48. Bd4 Kc6 49. f4 Kd6 50. Bg6 Ke7 51. f5 Kd7 52. f6 Ke6 53. f7 Ke7 54. Bc5+ Kd7 55. f8=Q d4 56. Qe7+ Kc6 57. Qc7+ Kb5 58. Bd3+ Ka5 59. Bb4+ Ka4 60. Qd7+ Kb3 61. Qxd4 Rc8 62. Qd5+ Kb2 63. c4 Kb3 64. Bd6 Ka4 65. c5 Ka5 66. Qc4 Rg8+ 67. Kf6 Rg6+ 68. Ke5 Rg5+ 69. Kd4 Rd5+ 70. Qxd5 Kb4 71. Qc4+ Ka5 72. Qb5# 1-0


[Site "https://www.chess.com"]

[Event "Titled Tuesday Blitz August 15 Early 2023"]
[White "Shyam, Sundar M."]
[Black "Kashefi, Amir Hosein"]
[WhiteFideId "5019141"]
[BlackFideId "12557935"]
[WhiteElo "2709"]
[BlackElo "2426"]
[Result "0-1"]
[Round "2"]
[TimeControl "180+1"]
[Date "2023.08.15"]
[WhiteClock "0:00:04"]
[BlackClock "0:00:05"]
[Board "83"]

1. e4 c6 2. Nc3 d5 3. Nf3 dxe4 4. Nxe4 Nd7 5. Qe2 Ndf6 6. d3 Bg4 7. g3 Nxe4 8. dxe4 Nf6 9. Bg2 e5 10. O-O Bc5 11. h3 Bxf3 12. Bxf3 O-O 13. Bg2 Qe7 14. Kh2 Rad8 15. Bd2 Rfe8 16. Rad1 h6 17. a3 Rd7 18. Bc1 Red8 19. Rxd7 Qxd7 20. f4 exf4 21. gxf4 Re8 22. e5 Qf5 23. Qc4 Nd7 24. Rd1 Re7 25. Rxd7 Rxd7 26. Qxc5 Rd1 27. Be3 Re1 28. Qc3 Re2 29. Qd4 Qxc2 30. Kg3 Rxg2+ 31. Kh4 g5+ 32. fxg5 hxg5+ 33. Bxg5 Qh7+ 34. Bh6 Qxh6# 0-1


[Site "https://www.chess.com"]